 Dungeon Sprint DCSS version 0.31.0-9-g3a7656b989 (webtiles) character file.

Game seed: 9312974525659252279

2417 Heoruswealwe the Impaler (level 9, -2/93 HPs)
             Began as a Minotaur Fighter on Feb 2, 2024.
             Was an Initiate of Gozag.
             Hit by a large rock thrown by a cyclops (22 damage)
             ... in the Dungeon (Sprint IX: "|||||||||||||||||||||||||||||").
             The game lasted 00:03:52 (480 turns).

Heoruswealwe the Impaler (Minotaur Fighter)          Turns: 480, Time: 00:03:53

Health: -2/93      AC: 12    Str: 29    XL:     9   Next: 24%
Magic:  8/8        EV: 14    Int:  5    God:    Gozag
Gold:   414        SH:  0    Dex:  5    Spells: 8/8 levels left

rFire   . . .        b - +2 halberd "Qeredulomo" {flame, rN+ Str+3 Dex-4}
rCold   . . .        (shield currently unavailable)
rNeg    + . .        c - +1 scale mail
rPois   .            (helmet restricted)
rElec   .            (no cloak)
rCorr   .            (no gloves)
SInv    .            e - +0 pair of boots
Will    .....        (no amulet) Stlth
                     k - +2 ring of evasion
HPRegen 0.35/turn    j - +2 ring of evasion
MPRegen 0.11/turn

%: no teleportation
@: gold aura
A: horns 2, retaliatory headbutt
a: Renounce Religion, Potion Petition, Call Merchant, Bribe Branch


You were in the Dungeon.
You worshipped Gozag.
Gozag was aware of your devotion.
You visited 1 branch You collected 414 gold pieces.

Inventory:

Hand Weapons
 a - a +0 trident
 b - the +2 halberd "Qeredulomo" (weapon) {flame, rN+ Str+3 Dex-4}
   (You found it in the Dungeon)

   Str+3:     It affects your strength (+3).
   Dex-4:     It affects your dexterity (-4).
   rN+:       It protects you from negative energy.
Armour
 c - a +1 scale mail (worn)
 d - a +0 buckler
 e - a +0 pair of boots (worn)
Jewellery
 j - a +2 ring of evasion (right hand)
 k - a +2 ring of evasion (left hand)
Wands
 h - a wand of acid (10)
Scrolls
 n - 2 scrolls of blinking
Potions
 f - a potion of curing
 g - a potion of haste
 i - a potion of berserk rage
 m - a potion of might


   Skills:
 + Level 13.2 Fighting
 * Level 17.6 Polearms
 + Level 13.1 Armour
 - Level 3.6 Shields


You had 8 spell levels left.
You didn't know any spells.
Your spell library was empty.

Dungeon Overview and Level Annotations

Branches:
Dungeon (1/1)

Altars:
Cheibriados
Dithmenos
Elyvilon
Fedhas
Gozag
Hepliaklqana
Kikubaaqudgha
Makhleb
Nemelex Xobeh
Okawaru
Qazlal
Ru
Sif Muna
Trog
Uskayaw
Vehumet
Wu Jian
Xom
Yredelemnul
Zin
The Shining One
Jiyva
Lugonu


Innate Abilities, Weirdness & Mutations

You have a pair of horns on your head.
You reflexively headbutt those who attack you in melee.


Message History

The white ugly thing gores you. The white ugly thing freezes you!!
* * * LOW HITPOINT WARNING * * *
You barely miss the white ugly thing. You headbutt the white ugly thing.
The white ugly thing is moderately wounded.
You carefully extract the barbed spikes from your body.
You puncture the white ugly thing! You burn the white ugly thing.
The white ugly thing is heavily wounded.
The white ugly thing barely misses you. You furiously retaliate!
You headbutt the white ugly thing! You slash the white ugly thing!
You burn the white ugly thing.
You kill the white ugly thing!
The vampire mosquito barely misses you.
Your Fighting skill increases to level 13!
Your Polearms skill increases to level 17!
Your Armour skill increases to level 13!
You have reached level 9!
Your experience leads to an increase in your attributes!
Your base attributes are Str 24, Int 5, Dex 9.
Increase (S)trength, (I)ntelligence, or (D)exterity?
You feel stronger. x2
You impale the vampire mosquito!! You burn the vampire mosquito!
The vampire mosquito is almost destroyed.
The vampire mosquito bites you but does no damage.
You closely miss the vampire mosquito.
The vampire mosquito is almost destroyed.
The vampire mosquito bites you!
* * * LOW HITPOINT WARNING * * *
The vampire mosquito draws strength from your injuries!
You feel better.
The vampire mosquito closely misses you.
You furiously retaliate!
You headbutt the vampire mosquito!
You destroy the vampire mosquito!
You slash the ice beast!
You melt the ice beast.
The ice beast is almost dead.
The ice beast hits you but does no damage.
You impale the ice beast!!
You melt the ice beast.
You kill the ice beast!
The cyclops throws a large rock.
The large rock hits you!!
You die...
Your body crumbles into a pile of gold.

▓.▓
▓.▓
▓)▓
▓.▓
▓.▓
▓.▓
▓.▓
▓.▓
▓@▓
▓$▓
▓C▓
▓.▓
▓.▓
▓.▓
▓.▓
▓.▓


You could see a cyclops.

Vanquished Creatures
  A two-headed ogre (D)
  An ugly thing (D)
  A manticore (D)
  A gargoyle (D)
  A vampire (D)
  A yak (D)
  A vampire mosquito (D)
  An acid dragon (D)
  An ice beast (shapeshifter) (D)
  An ogre (D)
  A centaur (D)
  A wight (D)
  2 gnoll boudas (D)
  An orc wizard (D)
  An orc (D)
  3 hobgoblins (D)
  A bat (D)
  A frilled lizard (D)
21 creatures vanquished.

Notes
Turn   | Place    | Note
-------+----------+-------------------------------------------
     0 | D        | Heoruswealwe the Minotaur Fighter began the quest for the
                  | Orb.
     0 | D        | Reached XP level 1. HP: 19/19 MP: 0/0
     6 | D        | Reached skill level 3 in Polearms
    32 | D        | Noticed a gnoll bouda
    32 | D        | Noticed a centaur
    32 | D        | Noticed an ogre
    32 | D        | Noticed a gnoll bouda
    36 | D        | Reached skill level 4 in Polearms
    41 | D        | Killed a gnoll bouda
    42 | D        | Reached skill level 5 in Fighting
    42 | D        | Reached skill level 5 in Polearms
    42 | D        | Reached skill level 5 in Armour
    42 | D        | Reached XP level 2. HP: 11/29 MP: 1/1
    42 | D        | Reached XP level 3. HP: 14/36 MP: 2/2
    57 | D        | Killed an ogre
    58 | D        | Reached skill level 8 in Polearms
    58 | D        | Reached XP level 4. HP: 15/45 MP: 3/3
    60 | D        | Killed a centaur
    61 | D        | Reached skill level 9 in Polearms
    61 | D        | Reached XP level 5. HP: 15/53 MP: 4/4
    65 | D        | Reached skill level 10 in Polearms
    71 | D        | Found a snail-covered altar of Cheibriados.
    71 | D        | Found a shadowy altar of Dithmenos.
    71 | D        | Found a white marble altar of Elyvilon.
    71 | D        | Found a blossoming altar of Fedhas.
    71 | D        | Found an opulent altar of Gozag.
    72 | D        | Found a hazy altar of Hepliaklqana.
    73 | D        | Found a viscous altar of Jiyva.
    74 | D        | Found an ancient bone altar of Kikubaaqudgha.
    75 | D        | Found a corrupted altar of Lugonu.
    76 | D        | Found a burning altar of Makhleb.
    77 | D        | Found a sparkling altar of Nemelex Xobeh.
    78 | D        | Found an iron altar of Okawaru.
    79 | D        | Became a worshipper of Gozag Ym Sagoz the Greedy
    80 | D        | Found a stormy altar of Qazlal.
    81 | D        | Found a sacrificial altar of Ru.
    82 | D        | Found a shimmering blue altar of Sif Muna.
    83 | D        | Found a bloodstained altar of Trog.
    84 | D        | Found a hide-covered altar of Uskayaw.
    85 | D        | Found a radiant altar of Vehumet.
    86 | D        | Found an ornate altar of the Wu Jian Council.
    87 | D        | Found a shimmering altar of Xom.
    88 | D        | Found a basalt altar of Yredelemnul.
    89 | D        | Found a glowing silver altar of Zin.
    90 | D        | Found a glowing golden altar of the Shining One.
   107 | D        | Got the +2 halberd "Qeredulomo" {flame, rN+ Str+3 Dex-4}
   214 | D        | Noticed a yak
   214 | D        | Noticed a gargoyle
   214 | D        | Noticed an acid dragon
   214 | D        | Noticed a vampire
   218 | D        | Killed a yak
   219 | D        | Reached skill level 11 in Polearms
   219 | D        | Reached XP level 6. HP: 54/63 MP: 5/5
   227 | D        | Killed a gargoyle
   228 | D        | Reached skill level 10 in Fighting
   228 | D        | Reached skill level 13 in Polearms
   228 | D        | Reached skill level 10 in Armour
   228 | D        | Reached XP level 7. HP: 41/72 MP: 6/6
   230 | D        | Reached skill level 14 in Polearms
   252 | D        | HP: 1/73 [vampire/vampiric draining (7)]
   254 | D        | Killed a vampire
   255 | D        | Reached XP level 8. HP: 15/82 MP: 7/7
   458 | D        | Noticed a two-headed ogre
   458 | D        | Noticed a manticore
   458 | D        | Noticed a white ugly thing
   458 | D        | Noticed a cyclops
   459 | D        | a naga changed into a harpy
   459 | D        | Noticed a harpy (shapeshifter)
   463 | D        | Killed a two-headed ogre
   464 | D        | Reached skill level 16 in Polearms
   465 | D        | a harpy changed into an ice beast
   471 | D        | Killed a manticore
   475 | D        | Killed a white ugly thing
   476 | D        | Reached skill level 17 in Polearms
   476 | D        | Reached XP level 9. HP: 17/93 MP: 8/8
   480 | D        | Hit by a large rock thrown by a cyclops

Illustrated notes

Levels and vault maps discovered:
D:        linesprint [early_d, line_temple, items_1, d_10, items_2, lair_1,
          lair_end, items_3, orc_1, orc_end, items_4, d_15, swamp_1, shoals_1,
          snake_1, spider_1, d_20, vaults_1, items_5, swamp_end, shoals_end,
          snake_end, spider_end, vaults_end, d_27, items_6, zot_1, zot_end,
          crypt_end, forest_end, elf_end, slime_end, tomb_end, abyss_end,
          pan_hell_end]

Skill      XL: |  1  2  3  4  5  6  7  8 |
---------------+-------------------------+-----
Polearms       | 5 8 9 11 13 14 17 | 17.6
Fighting       | 5 6 7 9 10 11 13 | 13.2
Armour         | 5 6 7 9 10 11 13 | 13.1
Shields        | |  3.6

Action                     |  1- 3 |  4- 6 |  7- 9 || total
---------------------------+-------+-------+-------++-------
  Melee: Trident           |    42 |     7 |       ||    49
         Headbutt          |     7 |     2 |     6 ||    15
         Halberd           |       |    11 |    43 ||    54
    Use: Potion            |     2 |     2 |     3 ||     7
   Stab: Distracted        |       |       |     1 ||     1
 Armour: Scale mail        |    25 |    11 |    25 ||    61
  Dodge: Dodged            |    18 |     8 |    17 ||    43
  Block: Buckler           |     9 |     1 |       ||    10
